 Dungeon Crawl Stone Soup version 0.26-a0-639-g72c4674 (webtiles) character file.

Game seed: 1256845190001139020

4445 Kurtz the Cleaver (level 10, -6/70 HPs)
             Began as a Mummy Chaos Knight on Sept 15, 2020.
             Was a Plaything of Xom.
             Mangled by a two-headed ogre
             ... wielding a cursed +0 giant spiked club
              (21 damage)
             ... on level 9 of the Dungeon.
             The game lasted 00:14:20 (11060 turns).

Kurtz the Cleaver (Mummy Chaos Knight)             Turns: 11060, Time: 00:14:20

Health: -6/70      AC: 15    Str: 17    XL:     10   Next: 15%
Magic:  10/10      EV: 10    Int: 12    God:    Xom [.....*]
Gold:   456        SH:  0    Dex: 17    Spells: 9/9 levels left

rFire    x . .     SeeInvis +   z - +2 battleaxe
rCold    + . .     Faith    .   (shield currently unavailable)
rNeg     + + +     Spirit   .   B - +1 scale mail of Jigsaw {rPois MR+ Dex+4}
rPois    ∞         Reflect  .   y - +2 helmet
rElec    .         Harm     .   n - +0 cloak
rCorr    .         Rampage  .   D - +2 pair of gloves
MR       ++...                  p - +0 pair of boots {Stlth+}
Stlth    +.........             (no amulet)
HPRegen  0.21/turn              j - ring of flight
MPRegen  0.12/turn              x - ring of see invisible

@: about to teleport
A: no potions, fire vulnerability, cold resistance 1, negative energy resistance
3, torment resistance, unbreathing
a: Renounce Religion, Evoke Flight


You were on level 9 of the Dungeon.
You worshipped Xom.
You were Xom's teddy bear.
You visited 1 branch of the dungeon, and saw 9 of its levels.

You collected 456 gold pieces.

Inventory:

Hand Weapons
 a - a +0 hand axe of chaos
 o - a +0 mace of draining
 q - a +1 whip of flaming
 z - a +2 battleaxe (weapon)
 A - a +1 war axe
Missiles
 s - 2 poisoned darts (quivered)
Armour
 n - a +0 cloak (worn)
 p - a +0 pair of boots of stealth (worn)
 r - a +0 kite shield
 u - a +0 plate armour
 y - a +2 helmet (worn)
 B - the +1 scale mail of Jigsaw (worn) {rPois MR+ Dex+4}
   (You found it on level 6 of the Dungeon)

   It affects your dexterity (+4).
   It protects you from poison.
   It affects your resistance to hostile enchantments.
 D - a +2 pair of gloves (worn)
 E - a +0 chain mail
Jewellery
 j - a ring of flight (left hand)
 m - a cursed ring of protection from cold {unknown}
 x - a ring of see invisible (right hand)
Wands
 b - a wand of disintegration (14)
 e - a wand of random effects (22)
 t - a wand of polymorph (5)
 w - a wand of flame (6)
Scrolls
 c - 3 scrolls of teleportation
 d - 5 scrolls of amnesia
 f - 2 scrolls of noise
 g - 4 scrolls of fear
 h - 3 scrolls of enchant armour {unknown}
 i - 5 scrolls of remove curse
 k - 2 scrolls of random uselessness {unknown}
 l - a scroll of magic mapping {unknown}
 v - a scroll of enchant weapon
 C - a scroll of immolation {unknown}


   Skills:
 - Level 3.0 Fighting
 - Level 11.6 Axes
 - Level 1.5 Armour
 - Level 1.8 Dodging
 * Level 4.0 Shields


You had 9 spell levels left.
You didn't know any spells.
Your spell library contained the following spells:

 Spells                   Type           Power        Failure   Level
 Foxfire                  Conj/Fire      #...         75%         1
 Conjure Flame            Conj/Fire      #.......     98%         3
 Inner Flame              Hex/Fire       #.......     98%         3
 Static Discharge         Conj/Air       #.......     98%         3
 Tukima's Dance           Hex            #.......     98%         3
 Animate Dead             Necr           #.........   100%        4
 Sticky Flame             Conj/Fire      #.......     100%        4
 Borgnjor's Vile Clutch   Necr/Erth      #.........   100%        5
 Fireball                 Conj/Fire      #.........   100%        5
 Death Channel            Necr           #.........   100%        6
 Freezing Cloud           Conj/Ice/Air   #.........   100%        6
 Simulacrum               Ice/Necr       #.........   100%        6
 Discord                  Hex            #.........   100%        8


Dungeon Overview and Level Annotations

Branches:
Dungeon (9/15)             Temple (0/1) D:6            Lair (0/6) D:8
    Orc: D:9-12

Altars:
Ashenzari
Elyvilon
Gozag
Kikubaaqudgha
Nemelex Xobeh
Okawaru
Sif Muna
Trog
Xom
Yredelemnul
Zin

Annotations:
D:5 2 transporters


Innate Abilities, Weirdness & Mutations

You do not drink.
Your flesh is vulnerable to fire.
You are immune to poison.
Your flesh is cold resistant. (rC+)
You are immune to negative energy. (rN+++)
You are immune to unholy pain and torment.
You can survive without breathing.


Message History

The bullfrog hits you but does no damage. x2
The two-headed ogre completely misses you.
The two-headed ogre hits you with a +0 giant club!!
You hit the bullfrog.
The bullfrog is lightly wounded.
You hit the two-headed ogre. The bullfrog hits you. x2
You closely miss the bullfrog.
The bullfrog is lightly wounded.
You barely miss the two-headed ogre.
The two-headed ogre hits you with a cursed +0 giant spiked club!
You emit a cloud of colourful smoke!
The two-headed ogre hits you with a +0 giant club!
* * * LOW HITPOINT WARNING * * *
The bullfrog barely misses you.
As you read the scroll of teleportation, it crumbles to dust.
You feel strangely unstable. The bullfrog closely misses you.
The two-headed ogre barely misses you.
The two-headed ogre hits you with a +0 giant club!!
You die...
Xom thinks this is hilarious!

#
#.#.#.#######
#.# ._
#.#.#.......#
#.# #.#.#
#_#.#######.#
#.#
..._..##.#.#
#.# #.#
#O...#.# #.#
#.. ####.#.#
#.# ### #§#.#
#.# #O#.# #.#
#@#.# #.#
#F#.# #.#
#§#.# #.#
#§#.# #.#
#.#.#######(#
..#.........#
###.#######.#
### ###


You could see a two-headed ogre and a bullfrog.

Vanquished Creatures
  Pikel (D:3)
  An ugly thing (D:8)
  Maggie (D:9)
  A troll (D:9)
  Menkaure (D:5)
  An orc warrior (D:9)
  A phantom (D:5)
  A sky beast (D:6)
  A necrophage (D:9)
  3 ogres
  6 centaurs
  2 lemures (D:3)
  4 bullfrogs
  A water moccasin zombie (D:6)
  A scorpion (D:4)
  7 wights
  2 centaur zombies
  3 hounds
  3 orc wizards (D:7)
  2 orc priests
  A centaur skeleton (D:7)
  An iguana (D:7)
  2 worker ants
  A killer bee zombie (D:9)
  A hound zombie (D:6)
  A mummy (D:9)
  8 adders
  A river rat (D:3)
  A shadow imp (D:5)
  3 white imps
  2 ufetubi
  An adder zombie (D:6)
  2 adder skeletons
  A worm (D:3)
  6 dart slugs
  6 leopard geckos
  19 orcs
  5 bats
  3 giant cockroaches
  9 goblins
  5 hobgoblins
  4 jackals (D:2)
  4 quokkas
  2 ball pythons
  3 frilled lizards
  A jackal zombie (D:5)
  4 kobolds
  A quokka zombie (D:9)
  5 rats
146 creatures vanquished.

Vanquished Creatures (collateral kills)
  A steam dragon (D:9)
  A phantom (D:5)
  2 ogres
  A necrophage (D:9)
  A wight (D:9)
  A hound (D:8)
  A leopard gecko (D:5)
  An orc (D:9)
9 creatures vanquished.

Vanquished Creatures (others)
  A crocodile (shapeshifter) (D:3)
  5 withered plants (D:9)
6 creatures vanquished.

Grand Total: 161 creatures vanquished

Notes
Turn   | Place    | Note
-------+----------+-------------------------------------------
     0 | D:1      | Kurtz the Mummy Chaos Knight began the quest for the Orb.
     0 | D:1      | Reached XP level 1. HP: 18/18 MP: 1/1
   320 | D:1      | Reached XP level 2. HP: 24/24 MP: 2/2
   333 | D:1      | XOM: divination: magic mapping
   431 | D:1      | Reached skill level 3 in Axes
   442 | D:1      | XOM: 2-stop teleportation journey
  1080 | D:2      | Reached XP level 3. HP: 19/29 MP: 3/3
  1327 | D:2      | XOM: confuse monster(s)
  1340 | D:2      | Reached skill level 4 in Axes
  1384 | D:2      | XOM: polymorph frilled lizard -> bat
  1540 | D:2      | Reached XP level 4. HP: 25/35 MP: 4/4
  1740 | D:2      | Found an iron altar of Okawaru.
  2106 | D:3      | XOM: 4-stop teleportation journey
  2253 | D:3      | XOM: fake destruction
  2254 | D:3      | Reached XP level 5. HP: 41/41 MP: 5/5
  2271 | D:3      | Noticed a glowing shapeshifter
  2271 | D:3      | an orc changed into a glowing shapeshifter
  2271 | D:3      | Noticed a water nymph
  2271 | D:3      | a glowing shapeshifter changed into a water nymph
  2276 | D:3      | Reached skill level 5 in Axes
  2282 | D:3      | Noticed a death drake
  2286 | D:3      | XOM: confuse monster(s)
  2289 | D:3      | Noticed a fire crab
  2289 | D:3      | a death drake changed into a fire crab
  2295 | D:3      | Noticed an orb spider
  2297 | D:3      | XOM: scenery: summon butterflies
  2332 | D:3      | Noticed a sea snake
  2346 | D:3      | Noticed a cyclops
  2648 | D:3      | Noticed a hornet
  2658 | D:3      | Noticed a glowing shapeshifter
  2658 | D:3      | a bullfrog changed into a glowing shapeshifter
  2658 | D:3      | XOM: polymorph bullfrog -> glowing shapeshifter
  2658 | D:3      | Noticed a dream sheep
  2658 | D:3      | a glowing shapeshifter changed into a dream sheep
  2705 | D:4      | XOM: noise
  2705 | D:4      | Noticed an ogre
  3170 | D:4      | Found a glowing silver altar of Zin.
  3242 | D:3      | XOM: enchant monster (good)
  3312 | D:3      | Noticed a crocodile
  3319 | D:3      | Noticed a naga
  3497 | D:4      | Noticed an ogre
  3513 | D:3      | XOM: destruction
  3522 | D:3      | Noticed an ice beast
  3524 | D:3      | Noticed a blink frog
  3524 | D:3      | an ice beast changed into a blink frog
  3525 | D:3      | Noticed a polar bear
  3525 | D:3      | a blink frog changed into a polar bear
  3778 | D:2      | XOM: summons 2 friendly demons
  3782 | D:2      | XOM: butterfly on damage
  3782 | D:2      | XOM: smoke on damage
  3783 | D:2      | Killed an ogre
  3783 | D:2      | Reached XP level 6. HP: 23/47 MP: 6/6
  3817 | D:2      | XOM: divination: detect creatures
  3953 | D:3      | Noticed a redback
  3953 | D:3      | XOM: silly message
  3955 | D:3      | Noticed a sea snake
  3955 | D:3      | a redback changed into a sea snake
  3960 | D:3      | XOM: potion effect (might)
  3965 | D:3      | Noticed an ice dragon
  3970 | D:3      | Noticed an alligator
  3970 | D:3      | an ice dragon changed into an alligator
  3971 | D:3      | Noticed a spark wasp
  3971 | D:3      | an alligator changed into a spark wasp
  4048 | D:4      | Noticed Pikel
  4048 | D:4      | XOM: potion effect (stabbing)
  4050 | D:4      | XOM: enchant monster (bad)
  4058 | D:3      | XOM: divination: detect items
  4088 | D:3      | XOM: potion effect (haste)
  4404 | D:3      | XOM: cleaving
  4411 | D:3      | XOM: cast spell 'Olgreb's Toxic Radiance'
  4422 | D:3      | XOM: noise
  4433 | D:3      | XOM: potion effect (invisibility)
  4443 | D:3      | Killed Pikel
  4443 | D:3      | Reached skill level 7 in Axes
  4443 | D:3      | Reached skill level 1 in Shields
  4443 | D:3      | Reached XP level 7. HP: 46/52 MP: 7/7
  4741 | D:4      | XOM: cast spell 'Leda's Liquefaction'
  5018 | D:5      | Entered Level 5 of the Dungeon
  5069 | D:5      | Found a transporter.
  5077 | D:5      | Noticed a kobold demonologist
  5086 | D:5      | Noticed Menkaure
  5097 | D:5      | XOM: confusion (+ monsters)
  5098 | D:5      | XOM: confuse monster(s)
  5100 | D:5      | XOM: confuse monster(s)
  5102 | D:5      | XOM: summons 2 friendly demons
  5106 | D:5      | XOM: butterfly on damage
  5107 | D:5      | Killed Menkaure
  5244 | D:5      | Found a shimmering blue altar of Sif Muna.
  5278 | D:5      | Found a basalt altar of Yredelemnul.
  5302 | D:5      | Found a white marble altar of Elyvilon.
  5308 | D:5      | You fall into a shaft and drop 1 floor!
  5326 | D:5      | XOM: fog
  5334 | D:5      | Reached skill level 8 in Axes
  5334 | D:5      | Reached XP level 8. HP: 47/58 MP: 8/8
  5384 | D:5      | XOM: cast spell 'Summon Dragon'
  5814 | D:5      | Found a transporter.
  5829 | D:5      | Found an opulent altar of Gozag.
  5830 | D:5      | Found a shimmering altar of Xom.
  5832 | D:5      | Found an ancient bone altar of Kikubaaqudgha.
  5924 | D:5      | XOM: enchant monster (good)
  6287 | D:6      | XOM: god gift: 2 pink potions {god gift}
  6419 | D:6      | Found a bloodstained altar of Trog.
  6494 | D:6      | XOM is BORED!
  6674 | D:6      | Found a staircase to the Ecumenical Temple.
  6740 | D:6      | XOM: smoke on damage
  6743 | D:6      | Reached skill level 9 in Axes
  6856 | D:6      | XOM: fake destruction
  6915 | D:6      | Got a twisted scale mail
  6977 | D:5      | Identified the cursed +1 scale mail of Jigsaw {rPois MR+
                  | Dex+4} (You found it on level 6 of the Dungeon)
  7144 | D:6      | Found a shattered altar of Ashenzari.
  7147 | D:6      | XOM: destruction
  7378 | D:6      | XOM: scenery: summon butterflies
  7437 | D:6      | XOM: silly message
  7507 | D:7      | XOM: divination: detect items
  7611 | D:7      | XOM: 3-stop teleportation journey
  7779 | D:7      | XOM: noise
  7781 | D:7      | Reached XP level 9. HP: 60/63 MP: 9/9
  7826 | D:7      | Reached skill level 10 in Axes
  8523 | D:2      | XOM: summons 4 hostile shadow creatures
  8582 | D:3      | Noticed a fire crab
  8602 | D:3      | XOM: confusion
  8608 | D:3      | XOM: blink monster(s)
  8736 | D:3      | Noticed a sea snake
  8803 | D:3      | Noticed an elephant
  8812 | D:3      | Noticed a sea snake
  8812 | D:3      | an elephant changed into a sea snake
  8813 | D:3      | Noticed a death drake
  8813 | D:3      | a sea snake changed into a death drake
  8814 | D:3      | XOM: confusion
  8816 | D:3      | Noticed a wind drake
  8816 | D:3      | a death drake changed into a wind drake
  8818 | D:3      | Noticed an unseen horror
  8818 | D:3      | a wind drake changed into an unseen horror
  8821 | D:3      | XOM: repel stairs
  8824 | D:3      | Noticed a meliai
  8824 | D:3      | an unseen horror changed into a meliai
  8829 | D:3      | Noticed a troll
  8829 | D:3      | a meliai changed into a troll
  8835 | D:3      | Noticed an unseen horror
  8835 | D:3      | a troll changed into an unseen horror
  8836 | D:3      | an unseen horror changed into a golden eye
  8841 | D:3      | XOM: divine lightning
  8844 | D:3      | XOM: god gift: book of Unlife
  8958 | D:3      | XOM: scenery: summon butterflies
  9087 | D:4      | XOM: scenery: create altars
  9183 | D:5      | XOM: divination: magic mapping
  9281 | D:8      | Found a sparkling altar of Nemelex Xobeh.
  9283 | D:8      | XOM: summons friendly shadow imp
  9286 | D:8      | Reached skill level 1 in Dodging
  9294 | D:8      | XOM: cloud trail
  9416 | D:8      | Found a staircase to the Lair.
  9518 | D:8      | Identified Nonumm's Incunabulum of Captivating Battle Magic
  9671 | D:8      | Noticed a purple ugly thing
  9690 | D:8      | Killed a purple ugly thing
  9690 | D:8      | Reached skill level 11 in Axes
 10370 | D:9      | XOM: scenery: create altars
 10421 | D:9      | Noticed Maggie
 10426 | D:9      | XOM: smoke on damage
 10433 | D:9      | XOM: scenery: create altars
 10439 | D:9      | Killed Maggie
 10439 | D:9      | Reached XP level 10. HP: 55/70 MP: 10/10
 10479 | D:9      | XOM: divination: detect creatures
 10751 | D:9      | Found a shimmering altar of Xom.
 11050 | D:9      | Noticed a two-headed ogre
 11051 | D:9      | XOM: scenery: create altars
 11059 | D:9      | XOM: smoke on damage
 11060 | D:9      | Mangled by a two-headed ogre

Illustrated notes

Levels and vault maps discovered:
D:1:      dpeg_arrival_pits, layout_basic
D:2:      layout_rooms, okawaru_trees_1
D:3:      layout_loops_ring, kennysheep_generic_room_5
D:4:      layout_layer_cave, overflow_temple_1_default, uniq_pikel
D:5:      gammafunk_wand_slinger, layout_basic,
          chequers_temple_overflow_statue_of_worship,
          grunt_temple_overflow_open, hangedman_abyss_or_decor_stagger,
          elyvilon_altar_5, uniq_menkaure
D:6:      layout_layer_cave, ashenzari_altar_1, lemuel_crystal_altar,
          minmay_temple_entry_large_hall
D:7:      layout_basic
D:8:      layout_basic, old_standard_altar, lair_entry_dummy,
          lightli_corner_chamber
D:9:      layout_basic, serial_undead, serial_undead_a, serial_undead_b,
          serial_undead_d, serial_undead_a, serial_undead_b,
          grunt_decor_one_mirror, st_stairs_11, lemuel_centaur_altar,
          uniq_maggie, uniq_joseph

Skill      XL: |  1  2  3  4  5  6  7  8  9 10 |
---------------+-------------------------------+-----
Axes           | 3 4 5 7 8 9 11 | 11.6
Shields        | 1 2 4 |  4.0
Dodging        | 1 |  1.8
Fighting       | |  3.0
Armour         | |  1.5

Action                   |  1- 3 |  4- 6 |  7- 9 | 10-12 || total
-------------------------+-------+-------+-------+-------++-------
Melee: Hand axe          |   120 |   107 |       |       ||   227
       Mace              |       |    55 |       |       ||    55
       Whip              |       |       |   129 |       ||   129
       Battleaxe         |       |       |   229 |    13 ||   242
Throw: Dart              |       |     2 |     2 |       ||     4
 Abil: Evoke Flight      |       |       |     2 |       ||     2
Evoke: Wand              |       |       |     9 |     6 ||    15
  Use: Scroll            |       |       |     9 |     1 ||    10
 Stab: Confused          |     1 |       |     1 |       ||     2
       Paralysed         |       |     1 |       |       ||     1
       Invisible         |       |     1 |       |       ||     1
       Distracted        |       |       |     1 |       ||     1
Armor: Leather armour    |    98 |     6 |       |       ||   104
       Chain mail        |       |    91 |    35 |       ||   126
       Plate armour      |       |       |    50 |       ||    50
       Scale mail        |       |       |    86 |    18 ||   104
Dodge: Dodged            |    83 |    66 |   126 |    16 ||   291

Table legend: (Time is in decaauts)
 A = Elapsed time spent in this place.
 B = Non-inter-level travel time spent in this place.
 C = Inter-level travel time spent in this place.
 D = Time resting spent in this place.
 E = Time spent auto-exploring this place.
 F = Levels seen in this place.
 G = Mean time per level.
                   A        B        C        D        E       F      G
               +--------+--------+--------+--------+--------+-----+--------+
         Total |  11133 |  10380 |    753 |   3056 |   5361 |   9 | 1237.0 |
       Dungeon |  11133 |  10380 |    753 |   3056 |   5361 |   9 | 1237.0 |
               +--------+--------+--------+--------+--------+-----+--------+

Top non-repeatable levels by time:
     D:3: 2088 daAuts
     D:2: 1815 daAuts
     D:6: 1464 daAuts
     D:5: 1139 daAuts
     D:1: 1078 daAuts
     D:7: 1007 daAuts
     D:9: 962 daAuts
     D:8: 887 daAuts
     D:4: 690 daAuts
